 Dungeon Crawl Stone Soup version 0.24.0-13-gcf9b319 (webtiles) character file.

Game seed: 16873633796127864177, levelgen mode: deterministic

399 Fang the Shield-Bearer (level 6, -1/40 HPs)
             Began as a Gargoyle Fighter on Jan 3, 2020.
             Killed by divine providence
             ... invoked by an orc priest
              (17 damage)
             ... on level 4 of the Dungeon.
             The game lasted 00:02:17 (2426 turns).

Fang the Shield-Bearer (Gargoyle Fighter)           Turns: 2426, Time: 00:02:18

Health: -1/40      AC: 11    Str: 22    XL:     6   Next: 84%
Magic:  6/6        EV:  7    Int:  8    God:
Gold:   72         SH: 10    Dex:  9    Spells: 5/5 levels left

rFire    . . .     SeeInvis .   a - +1 war axe
rCold    . . .     Gourm    +   B - +0 shield
rNeg     + . .     Faith    .   b - +0 scale mail
rPois    ∞         Spirit   .   (no helmet)
rElec    +         Reflect  .   (no cloak)
rCorr    .         Harm     .   (no gloves)
MR       .....     Rnd*Tele +   (no boots)
Stlth    ..........             n - amulet of the gourmand
HPRegen  0.13/turn              r - ring of attention (curse)
MPRegen  0.10/turn              j - ring of teleportation (curse)

@: no status effects
A: negative energy resistance 1, electricity resistance, unbreathing,
petrification resistance, rot immunity, AC +4
a: no special abilities


You were on level 4 of the Dungeon.
You were completely stuffed.

You visited 1 branch of the dungeon, and saw 4 of its levels.
You also visited: Sewer.

You collected 72 gold pieces.

Inventory:

Hand Weapons
 a - a +1 war axe (weapon)
Armour
 b - a +0 scale mail (worn)
 B - a +0 shield (worn)
Jewellery
 i - a +3 ring of dexterity
 j - a cursed ring of teleportation (right hand)
 l - an uncursed ring of see invisible
 n - an amulet of the gourmand (around neck)
 r - a cursed ring of attention (left hand)
Scrolls
 g - a scroll of fear
Potions
 d - a potion of might
 e - 3 potions of lignification {unknown}
 f - 2 potions of curing {unknown}
 h - 2 potions of heal wounds {unknown}
 k - a potion of brilliance
 m - a potion of berserk rage
 q - 2 potions of flight {unknown}
Comestibles
 c - 7 rations
 o - a chunk of flesh


   Skills:
 + Level 4.9 Fighting
 + Level 3.5 Axes
 + Level 4.9 Armour
 + Level 5.0 Shields


You had 5 spell levels left.
You didn't know any spells.
Your spell library was empty.

Dungeon Overview and Level Annotations

Branches:
Dungeon (4/15)              Sewer (visited)
 Temple: D:4-7

Altars:


Innate Abilities, Weirdness & Mutations

You are resistant to torment.
Your stone body is resilient. (AC +4)
You are immune to poison.
You resist negative energy. (rN+)
You are resistant to electric shocks. (rElec)
You can survive without breathing.
You are immune to petrification.
You are immune to rotting.


Message History

You closely miss the orc.
The orc is heavily wounded.
The orc priest looks braver for a moment.
You block the orc's attack.
You closely miss the orc.
The orc is heavily wounded.
You hit the orc. The orc hits you with a +0 mace. You block the orc's attack.
Your shield prevents you from hitting the orc.
The orc is heavily wounded.
You slash the orc!
You kill the orc!
Your Shields skill increases to level 5!
The orc barely misses you. You block the orc's attack.
You barely miss the orc.
The orc is heavily wounded.
The orc priest mumbles some strange prayers to Beogh against you.
Beogh smites you! The orc hits you but does no damage.
The orc priest mumbles some strange prayers to Beogh against you.
Beogh smites you!
You die...

# #######.## .........
###........ #..@o.o....
#.#.)...... #.#........
...######.#........
..........########.#
...#####...# #.#
.#####...#######.#.
...................
#####...#######.#########


You could see an orc priest and an orc.

Vanquished Creatures
  A big kobold (Sewer)
  A scorpion (D:4)
  2 hounds (D:4)
  An orc wizard (D:3)
  A centaur skeleton (D:4)
  4 gnolls
  3 adders
  2 river rats (Sewer)
  A shadow imp (D:3)
  4 dart slugs
  A worm (D:3)
  A leopard gecko (D:1)
  3 orcs
  A ball python (D:2)
  A giant cockroach (D:4)
  7 goblins
  4 hobgoblins
  A jackal (Sewer)
  15 kobolds
  A quokka (D:2)
  7 bats
  A frilled lizard (D:3)
  11 rats
74 creatures vanquished.

Notes
Turn   | Place    | Note
-------+----------+-------------------------------------------
     0 | D:1      | Fang the Gargoyle Fighter began the quest for the Orb.
     0 | D:1      | Reached XP level 1. HP: 14/14 MP: 1/1
   212 | D:1      | Reached XP level 2. HP: 19/19 MP: 2/2
   502 | D:1      | Reached XP level 3. HP: 10/24 MP: 3/3
   923 | D:2      | Reached XP level 4. HP: 16/29 MP: 4/4
  1399 | D:2      | Reached skill level 4 in Shields
  1763 | D:3      | Found a glowing drain.
  1772 | D:3      | Reached XP level 5. HP: 30/33 MP: 5/5
  1783 | Sewer    | Entered a sewer
  1850 | Sewer    | Noticed a big kobold
  1865 | Sewer    | Killed a big kobold
  1887 | Sewer    | Found a glowing silver altar of Zin.
  2122 | D:3      | Reached XP level 6. HP: 36/39 MP: 6/6
  2425 | D:4      | Reached skill level 5 in Shields
  2426 | D:4      | Killed from afar by an orc priest

Levels and vault maps discovered:
D:1:      psy_arrival_dodecagon, layout_basic
D:2:      layout_basic
D:3:      layout_basic, portal_sewer_entry_d, first_ration, minmay_fountain_box,
          st_stairs_7
D:4:      layout_basic

Skill      XL: |  1  2  3  4  5  6 |
---------------+-------------------+-----
Axes           | 2 3 |  3.5
Armour         | 4 |  4.9
Fighting       | 4 |  4.9
Shields        | 4 5 |  5.0

Action                   |  1- 3 |  4- 6 || total
-------------------------+-------+-------++-------
Melee: War axe           |    80 |   207 ||   287
  Use: Scroll            |     4 |     3 ||     7
  Eat: Chunk             |       |    23 ||    23
Armor: Scale mail        |    33 |   133 ||   166
Dodge: Dodged            |    34 |    94 ||   128
Block: Shield            |    53 |   137 ||   190
